TOP OF THE 1ST |
Jersey City Sun Caps batting - Pitching for Santa Barbara Golden Cranes : RHP Herman Barnes
|
Pitching: RHP Herman Barnes
|
|
Batting: LHB John Robertson
|
0-0: Ball 1-0: Called Strike 1-1: Foul Ball, location: 2F 1-2: Ground out 4-3 (Groundball, 4)
|
Batting: RHB Jonah Moody
|
0-0: Ball 1-0: Fly out, F9 (Flyball, 9LM)
|
Batting: SHB Gustavo Fuentes
|
0-0: Ground out 5-3 (Groundball, 5S)
|
Top of the 1st over - 0 run(s), 0 hit(s), 0 error(s), 0 left on base; Jersey City 0 - Santa Barbara 0 |
BOTTOM OF THE 1ST |
Santa Barbara Golden Cranes batting - Pitching for Jersey City Sun Caps : LHP Jim Unknown
|
Pitching: LHP Jim Unknown
|
|
Batting: RHB Kyle Dempsey
|
0-0: Fly out, F8 (Flyball, 8RS)
|
Batting: RHB Mal Phillips
|
0-0: Ball 1-0: Reached on error, E4 (Groundball, 4M)
|
Batting: RHB Tom Baker
|
0-0: Ball 1-0: Swinging Strike 1-1: Swinging Strike 1-2: Ball 2-2: Ground out 4-3 (Groundball, 4) Mal Phillips to third
|
Batting: RHB San-gui Liang
|
0-0: Ball 1-0: Ball 2-0: Called Strike 2-1: Foul Ball, location: 2F 2-2: Ball 3-2: Base on Balls
|
Batting: LHB Marvin von Seydlitz
|
0-0: Fielders Choice at 2nd, U4 (Groundball, 4M)
|
Bottom of the 1st over - 0 run(s), 0 hit(s), 1 error(s), 2 left on base; Jersey City 0 - Santa Barbara 0 |
TOP OF THE 2ND |
Jersey City Sun Caps batting - Pitching for Santa Barbara Golden Cranes : RHP Herman Barnes
|
Batting: LHB Miguel Martínez
|
0-0: SINGLE (Groundball, 3D)
|
Batting: RHB Brandon Reed
|
0-0: Fielders Choice at 2nd, 6-4 (Groundball, 6)
|
Batting: LHB Rick Watson
|
0-0: SINGLE (Line Drive, 8LS) Brandon Reed to second
|
Batting: RHB Christian O'Dell
|
0-0: Called Strike 0-1: Ball 1-1: Foul Ball, location: 2F 1-2: Ball 2-2: Foul Ball, location: 2F 2-2: SINGLE (Groundball, 56) Brandon Reed to third Rick Watson to second Runner from 3rd tries for Home, SAFE, no throw or cutoff
|
Batting: RHB Tony Quintana
|
0-0: Called Strike 0-1: Ball 1-1: Ball 2-1: Foul Ball, location: 2F 2-2: Reached on error, E1 (Groundball, 13S) Rick Watson to third Christian O'Dell to second
|
Batting: RHB Christian O'Neal
|
0-0: Ball 1-0: Ball 2-0: Ball 3-0: Called Strike 3-1: Swinging Strike 3-2: Foul Ball, location: 2F 3-2: Base on Balls Rick Watson scores Christian O'Dell to third Tony Quintana to second
|
Batting: LHB John Robertson
|
0-0: Ball 1-0: Foul Ball, location: 2F 1-1: Fly out, F8 (Line Drive, 8LM) Runner from 3rd tags up, SCORES, throw made
|
Batting: RHB Jonah Moody
|
0-0: Ball 1-0: Swinging Strike 1-1: Ball 2-1: Ball 3-1: Foul Ball, location: 2F 3-2: Foul Ball, location: 2F 3-2: Strikes out swinging
|
Top of the 2nd over - 3 run(s), 3 hit(s), 1 error(s), 2 left on base; Jersey City 3 - Santa Barbara 0 |
BOTTOM OF THE 2ND |
Santa Barbara Golden Cranes batting - Pitching for Jersey City Sun Caps : LHP Jim Unknown
|
Batting: RHB Jesús Murillo
|
0-0: Swinging Strike 0-1: Ball 1-1: Foul Ball, location: 2F 1-2: Ball 2-2: Ground out 5-3 (Groundball, 5)
|
Batting: RHB José Masaferro
|
0-0: Ball 1-0: Ball 2-0: Ball 3-0: Called Strike 3-1: Foul Ball, location: 2F 3-2: SINGLE (Line Drive, 78M)
|
Batting: RHB Juan Jose Díaz
|
0-0: Ball José Masaferro steals 2nd base 1-0: SINGLE (Groundball, 56D) José Masaferro to third Runner from 3rd tries for Home, SAFE, no throw or cutoff
|
Batting: RHB Tim Wilson
|
0-0: Called Strike 0-1: Ball 1-1: Ball 2-1: SINGLE (Groundball, 5L) Juan Jose Díaz to second
|
Batting: RHB Kyle Dempsey
|
0-0: Called Strike 0-1: Ball 1-1: Swinging Strike 1-2: Foul Ball, location: 2F 1-2: Foul Ball, location: 2F 1-2: Fly out, F8 (Flyball, 8LM)
|
Batting: RHB Mal Phillips
|
0-0: Called Strike 0-1: Fielders Choice at 2nd, U6 (Groundball, 6M)
|
Bottom of the 2nd over - 1 run(s), 3 hit(s), 0 error(s), 2 left on base; Jersey City 3 - Santa Barbara 1 |
TOP OF THE 3RD |
Jersey City Sun Caps batting - Pitching for Santa Barbara Golden Cranes : RHP Herman Barnes
|
Batting: SHB Gustavo Fuentes
|
0-0: Ball 1-0: Ball 2-0: Called Strike 2-1: Ball 3-1: Swinging Strike 3-2: Foul Ball, location: 2F 3-2: Ground out 6-3 (Groundball, 6M)
|
Batting: LHB Miguel Martínez
|
0-0: Ball 1-0: Ball 2-0: Fly out, F9 (Flyball, 9D)
|
Batting: RHB Brandon Reed
|
0-0: DOUBLE (Line Drive, 5D)
|
Batting: LHB Rick Watson
|
0-0: Ball 1-0: Called Strike 1-1: Foul Ball, location: 2F 1-2: Foul Ball, location: 2F 1-2: Hit by Pitch
|
Batting: RHB Christian O'Dell
|
0-0: Ball 1-0: Called Strike 1-1: Called Strike 1-2: Foul Ball, location: 2F 1-2: Fly out, F9 (Flyball, 9D)
|
Top of the 3rd over - 0 run(s), 1 hit(s), 0 error(s), 2 left on base; Jersey City 3 - Santa Barbara 1 |
BOTTOM OF THE 3RD |
Santa Barbara Golden Cranes batting - Pitching for Jersey City Sun Caps : LHP Jim Unknown
|
Batting: RHB Tom Baker
|
0-0: DOUBLE (Line Drive, 9M)
|
Batting: RHB San-gui Liang
|
0-0: Ball 1-0: Swinging Strike 1-1: Fly out, F4 (Popup, 34D)
|
Batting: LHB Marvin von Seydlitz
|
0-0: Called Strike 0-1: Called Strike 0-2: SINGLE (Groundball, 5D) Tom Baker to third
|
Batting: RHB Jesús Murillo
|
0-0: Ball 1-0: Ball 2-0: Called Strike 2-1: Ball 3-1: Called Strike 3-2: Strikes out swinging
|
Batting: RHB José Masaferro
|
0-0: Ground out 5-3 (Groundball, 5)
|
Bottom of the 3rd over - 0 run(s), 2 hit(s), 0 error(s), 2 left on base; Jersey City 3 - Santa Barbara 1 |
TOP OF THE 4TH |
Jersey City Sun Caps batting - Pitching for Santa Barbara Golden Cranes : RHP Herman Barnes
|
Batting: RHB Tony Quintana
|
0-0: Called Strike 0-1: Ball 1-1: Fly out, F8 (Line Drive, 8LD)
|
Batting: RHB Christian O'Neal
|
0-0: Ball 1-0: Ball 2-0: Ground out 5-3 (Groundball, 5S)
|
Batting: LHB John Robertson
|
0-0: Ball 1-0: SOLO HOME RUN (Flyball, 9LD), Distance : 333 ft
|
Batting: RHB Jonah Moody
|
0-0: Fly out, F8 (Flyball, 8LM)
|
Top of the 4th over - 1 run(s), 1 hit(s), 0 error(s), 0 left on base; Jersey City 4 - Santa Barbara 1 |
BOTTOM OF THE 4TH |
Santa Barbara Golden Cranes batting - Pitching for Jersey City Sun Caps : LHP Jim Unknown
|
Batting: RHB Juan Jose Díaz
|
0-0: Called Strike 0-1: Foul Ball, location: 2F 0-2: Foul Ball, location: 2F 0-2: Strikes out swinging
|
Batting: RHB Tim Wilson
|
0-0: Called Strike 0-1: Foul Ball, location: 2F 0-2: Fly out, F3 (Popup, 3F)
|
Batting: RHB Kyle Dempsey
|
0-0: Ground out 6-3 (Groundball, 6)
|
Bottom of the 4th over - 0 run(s), 0 hit(s), 0 error(s), 0 left on base; Jersey City 4 - Santa Barbara 1 |
TOP OF THE 5TH |
Jersey City Sun Caps batting - Pitching for Santa Barbara Golden Cranes : RHP Herman Barnes
|
Batting: SHB Gustavo Fuentes
|
0-0: Ground out 5-3 (Groundball, 56S)
|
Batting: LHB Miguel Martínez
|
0-0: Ball 1-0: SINGLE (Line Drive, 78M)
|
Batting: RHB Brandon Reed
|
0-0: Fly out, F6 (Line Drive, 6)
|
Batting: LHB Rick Watson
|
0-0: Ball 1-0: Called Strike 1-1: Ball 2-1: Fly out, F4 (Popup, 4)
|
Top of the 5th over - 0 run(s), 1 hit(s), 0 error(s), 1 left on base; Jersey City 4 - Santa Barbara 1 |
BOTTOM OF THE 5TH |
Santa Barbara Golden Cranes batting - Pitching for Jersey City Sun Caps : LHP Jim Unknown
|
Batting: RHB Mal Phillips
|
0-0: Foul Ball, location: 2F 0-1: Foul Ball, location: 2F 0-2: Ground out 4-3 (Groundball, 4)
|
Batting: RHB Tom Baker
|
0-0: Foul Ball, location: 2F 0-1: Foul Ball, location: 2F 0-2: Ball 1-2: Ball 2-2: SINGLE (Flyball, 8RM)
|
Batting: RHB San-gui Liang
|
0-0: Swinging Strike 0-1: Ball 1-1: Ball 2-1: Foul Ball, location: 2F 2-2: Ball 3-2: DOUBLE (Line Drive, 89M) Tom Baker to third Runner from 3rd tries for Home, SAFE, no throw or cutoff
|
Batting: LHB Marvin von Seydlitz
|
0-0: Ball 1-0: Called Strike 1-1: Foul Ball, location: 2F 1-2: Ground out 3-1 (Groundball, 34) San-gui Liang to third
|
Batting: RHB Jesús Murillo
|
0-0: Ball 1-0: Ball 2-0: Ball 3-0: Called Strike 3-1: Foul Ball, location: 2F 3-2: Base on Balls
|
Batting: RHB José Masaferro
|
0-0: Ball 1-0: Ball 2-0: Called Strike 2-1: Ball 3-1: Swinging Strike 3-2: Base on Balls Jesús Murillo to second
|
Batting: RHB Juan Jose Díaz
|
0-0: Ground out 1-3 (Groundball, 13)
|
Bottom of the 5th over - 1 run(s), 2 hit(s), 0 error(s), 3 left on base; Jersey City 4 - Santa Barbara 2 |
TOP OF THE 6TH |
Jersey City Sun Caps batting - Pitching for Santa Barbara Golden Cranes : RHP Herman Barnes
|
Batting: RHB Christian O'Dell
|
0-0: Called Strike 0-1: Ball 1-1: SINGLE (Line Drive, 56D)
|
Batting: RHB Tony Quintana
|
0-0: Called Strike 0-1: DOUBLE (Line Drive, 9LM) Christian O'Dell to third
|
Batting: RHB Christian O'Neal
|
0-0: Swinging Strike 0-1: Ball 1-1: Ball 2-1: Ground out 6-3 (Groundball, 6)
|
Batting: LHB John Robertson
|
0-0: Intentional Walk
|
Batting: RHB Jonah Moody
|
0-0: Grounds into double play, 4-6-3 (Groundball, 34)
|
Top of the 6th over - 0 run(s), 2 hit(s), 0 error(s), 2 left on base; Jersey City 4 - Santa Barbara 2 |
BOTTOM OF THE 6TH |
Santa Barbara Golden Cranes batting - Pitching for Jersey City Sun Caps : LHP Jim Unknown
|
Batting: RHB Tim Wilson
|
0-0: Ball 1-0: Ball 2-0: Called Strike 2-1: Fly out, F9 (Flyball, 9M)
|
Batting: RHB Kyle Dempsey
|
0-0: Called Strike 0-1: Swinging Strike 0-2: Ball 1-2: Ball 2-2: Strikes out swinging
|
Batting: RHB Mal Phillips
|
0-0: Ball 1-0: Ground out 2-3 (Groundball, 2R)
|
Bottom of the 6th over - 0 run(s), 0 hit(s), 0 error(s), 0 left on base; Jersey City 4 - Santa Barbara 2 |
TOP OF THE 7TH |
Jersey City Sun Caps batting - Pitching for Santa Barbara Golden Cranes : RHP Herman Barnes
|
Batting: SHB Gustavo Fuentes
|
0-0: Ball 1-0: Called Strike 1-1: Swinging Strike 1-2: Ball 2-2: Foul Ball, location: 2F 2-2: Ground out 6-3 (Groundball, 6)
|
Batting: LHB Miguel Martínez
|
0-0: Ground out U3 (Groundball, 3S)
|
Batting: RHB Brandon Reed
|
0-0: DOUBLE (Line Drive, 5)
|
Batting: LHB Rick Watson
|
0-0: Ball 1-0: Called Strike 1-1: Ball 2-1: Ball 3-1: Base on Balls
|
Batting: RHB Christian O'Dell
|
0-0: Ball 1-0: Ball 2-0: Ball 3-0: Base on Balls Brandon Reed to third Rick Watson to second
|
Pinch Hitting: LHB Jesús Pérez
|
0-0: Ball 1-0: Foul Ball, location: 2F 1-1: SINGLE (Groundball, 4M) Brandon Reed scores Rick Watson to third Christian O'Dell to second Runner from 3rd tries for Home, SAFE, no throw or cutoff
|
Pitching: RHP Cam Davidson
|
|
Batting: RHB Christian O'Neal
|
0-0: DOUBLE (Line Drive, 7LD) Christian O'Dell scores Jesús Pérez to third Runner from 3rd tries for Home, SAFE, no throw or cutoff
|
Batting: LHB John Robertson
|
0-0: Ball 1-0: Called Strike 1-1: Ball 2-1: Ball 3-1: Foul Ball, location: 2F 3-2: Foul Ball, location: 2F 3-2: Base on Balls
|
Batting: RHB Jonah Moody
|
0-0: Called Strike 0-1: Called Strike 0-2: DOUBLE (Flyball, 7S) Christian O'Neal scores John Robertson to third Runner from 3rd tries for Home, SAFE, no throw or cutoff
|
Batting: SHB Gustavo Fuentes
|
0-0: Ground out U3 (Groundball, 3S)
|
Top of the 7th over - 6 run(s), 4 hit(s), 0 error(s), 1 left on base; Jersey City 10 - Santa Barbara 2 |
BOTTOM OF THE 7TH |
Santa Barbara Golden Cranes batting - Pitching for Jersey City Sun Caps : LHP Jim Unknown
|
Now in LF: Jesús Pérez
|
|
Batting: RHB Tom Baker
|
0-0: Called Strike 0-1: SINGLE (Flyball, 89S)
|
Batting: RHB San-gui Liang
|
0-0: Called Strike 0-1: Called Strike 0-2: Ball 1-2: Ground out 4-3 (Groundball, 4M) Tom Baker to second
|
Batting: LHB Marvin von Seydlitz
|
0-0: Ball 1-0: Ball 2-0: Swinging Strike 2-1: Foul Ball, location: 2F 2-2: Foul Ball, location: 2F 2-2: Foul Ball, location: 2F 2-2: Ball 3-2: Fly out, F8 (Flyball, 8LXD) Runner from 2nd tags up, SAFE at 3rd, no throw
|
Pitching: RHP Jim Unknown
|
|
Batting: RHB Jesús Murillo
|
0-0: Ground out 4-3 (Groundball, 4)
|
Bottom of the 7th over - 0 run(s), 1 hit(s), 0 error(s), 1 left on base; Jersey City 10 - Santa Barbara 2 |
TOP OF THE 8TH |
Jersey City Sun Caps batting - Pitching for Santa Barbara Golden Cranes : RHP Cam Davidson
|
Batting: LHB Miguel Martínez
|
0-0: Ball 1-0: Called Strike 1-1: SINGLE (Groundball, 4MD)
|
Batting: RHB Brandon Reed
|
0-0: Ball 1-0: Grounds into double play, 4-6-3 (Groundball, 4)
|
Batting: LHB Rick Watson
|
0-0: Ball 1-0: SINGLE (Groundball, 34D)
|
Batting: RHB Christian O'Dell
|
0-0: Ball 1-0: Called Strike 1-1: Foul Ball, location: 2F 1-2: Strikes out looking
|
Top of the 8th over - 0 run(s), 2 hit(s), 0 error(s), 1 left on base; Jersey City 10 - Santa Barbara 2 |
BOTTOM OF THE 8TH |
Santa Barbara Golden Cranes batting - Pitching for Jersey City Sun Caps : RHP Jim Unknown
|
Batting: RHB José Masaferro
|
0-0: SINGLE (Groundball, 34)
|
Batting: RHB Juan Jose Díaz
|
0-0: Called Strike 0-1: Ball 1-1: Ball 2-1: Foul Ball, location: 2F 2-2: Grounds into double play, 5-4-3 (Groundball, 5)
|
Batting: RHB Tim Wilson
|
0-0: Ball 1-0: Foul Ball, location: 2F 1-1: Called Strike 1-2: Ball 2-2: Fly out, F2 (Popup, 2LF)
|
Bottom of the 8th over - 0 run(s), 1 hit(s), 0 error(s), 0 left on base; Jersey City 10 - Santa Barbara 2 |
TOP OF THE 9TH |
Jersey City Sun Caps batting - Pitching for Santa Barbara Golden Cranes : RHP Cam Davidson
|
Batting: LHB Jesús Pérez
|
0-0: Fly out, F8 (Popup, 4MD)
|
Batting: RHB Christian O'Neal
|
0-0: Called Strike 0-1: SINGLE (Line Drive, 6)
|
Batting: LHB John Robertson
|
0-0: Ball 1-0: Ball 2-0: Foul Ball, location: 2F 2-1: Ball 3-1: Called Strike 3-2: Base on Balls Christian O'Neal to second
|
Batting: RHB Jonah Moody
|
0-0: Foul Ball, location: 2F 0-1: Foul Ball, location: 2F 0-2: Ball 1-2: Ball 2-2: Fly out, F6 (Popup, 5D)
|
Batting: SHB Gustavo Fuentes
|
0-0: Ball 1-0: Ball 2-0: SINGLE (Flyball, 78M) Christian O'Neal to third John Robertson to second Runner from 3rd tries for Home, SAFE, no throw or cutoff
|
Batting: LHB Miguel Martínez
|
0-0: Called Strike 0-1: Ball 1-1: Ball 2-1: Ball 3-1: Foul Ball, location: 2F 3-2: Strikes out looking
|
Top of the 9th over - 1 run(s), 2 hit(s), 0 error(s), 2 left on base; Jersey City 11 - Santa Barbara 2 |
BOTTOM OF THE 9TH |
Santa Barbara Golden Cranes batting - Pitching for Jersey City Sun Caps : RHP Jim Unknown
|
Now at 2B: Ken Miller
|
|
Batting: RHB Kyle Dempsey
|
0-0: Called Strike 0-1: Ball 1-1: Ball 2-1: Swinging Strike 2-2: SINGLE (Line Drive, 7LS)
|
Pinch Hitting: RHB Carlos Rodríguez
|
0-0: Fly out, F7 (Flyball, 7LM)
|
Batting: RHB Tom Baker
|
0-0: Ball 1-0: Foul Ball, location: 2F 1-1: Foul Ball, location: 2F 1-2: Ball 2-2: Foul Ball, location: 2F 2-2: Fly out, F6 (Popup, 56D)
|
Batting: RHB San-gui Liang
|
0-0: Foul Ball, location: 2F 0-1: Ball 1-1: Foul Ball, location: 2F 1-2: Ball 2-2: Strikes out swinging
|
Bottom of the 9th over - 0 run(s), 1 hit(s), 0 error(s), 1 left on base; Jersey City 11 - Santa Barbara 2 |
|